 Dungeon Crawl Stone Soup version 0.28-a0-10-g964c8b829e (webtiles) character file.

Game seed: 1255060518621717611

327 willcat the Ruffian (level 6, -6/61 HPs)
             Began as a Troll Delver on July 26, 2021.
             Mangled by Harold (18 damage)
             ... on level 7 of the Dungeon.
             The game lasted 00:02:11 (372 turns).

willcat the Ruffian (Troll Delver)                   Turns: 372, Time: 00:02:11

Health: -6/61      AC:  4    Str: 20 (22) XL:     6   Next: 24%
Magic:  5/5        EV:  8    Int:  3 (6)  God:
Gold:   76         SH:  8    Dex: 11 (12) Spells: 5/5 levels left

rFire   . . .      SeeInvis .     - Unarmed
rCold   . . .      Faith    .   h - +0 kite shield {rN+}
rNeg    + . .      Spirit   .   a - +0 robe
rPois   .          Reflect  .   (helmet restricted)
rElec   .          Harm     .   (no cloak)
rCorr   .          Rampage  .   (gloves unavailable)
Will    .....                   (boots unavailable)
Stlth   ++........              (no amulet)
HPRegen 1.20/turn               (no ring)
MPRegen 0.09/turn               (no ring)

@: on berserk cooldown, slowed, very slow
A: large, unfitting armour, claws 3, regeneration 1, shaggy fur 1, tough skin 1
a: no special abilities


You were on level 7 of the Dungeon.
You visited 1 branch of the dungeon, and saw 4 of its levels.

You collected 76 gold pieces.

Inventory:

Armour
 a - a +0 robe (worn)
 h - a +0 kite shield of positive energy (worn)
Wands
 f - a wand of digging (3)
Scrolls
 b - a scroll of fog
 c - a scroll of magic mapping
 d - a scroll of fear
 g - a scroll of amnesia {unknown}
 j - a scroll of torment {unknown}


   Skills:
 + Level 3.5 Fighting
 + Level 3.0 Dodging
 + Level 2.9 Stealth
 + Level 2.2 Shields
 + Level 3.6 Unarmed Combat


You had 5 spell levels left.
You didn't know any spells.
Your spell library contained the following spells:

 Spells                   Type           Power      Damage    Failure   Level
 Malign Gateway           Summ/Tloc      0%         N/A       100%        7
 Summon Horrible Things   Summ           0%         N/A       100%        8


Dungeon Overview and Level Annotations

Branches:
Dungeon (8/15)
 Temple: D:4-7         Lair: D:8-11

Altars:

Annotations:
D:7 Harold


Innate Abilities, Weirdness & Mutations

You are too large for most types of armour.
You have claws for hands.
Your natural rate of healing is unusually fast.
You are covered in fur. (AC +1)
You have tough skin. (AC +1)


Message History

You barely miss Harold.
A centaur comes into view.
Harold barely misses you.
Unknown command.
You mangle Harold!!
Harold is moderately wounded.
You are no longer berserk.
You are exhausted.
You feel yourself slow down.
A wraith comes into view.
Harold closely misses you.
You scratch Harold.
Harold is moderately wounded.
Harold hits you with a +0 mace! x2
Unknown command.
The centaur wields a +0 shortbow.
The centaur shoots an arrow.
The arrow hits you!
Unknown command.
There is a stone staircase leading up here.
Unknown command.
The centaur unwields a +0 shortbow.
You block the centaur's attack.
The centaur kicks you but does no damage.
Harold hits you with a +0 mace!
* * * LOW HITPOINT WARNING * * *
The centaur hits you but does no damage.
The centaur kicks you.
* * * LOW HITPOINT WARNING * * *
Harold hits you with a +0 mace.
* * * LOW HITPOINT WARNING * * *
You climb upwards.
There is a stone staircase leading down here.
It was a potion of degeneration.
There was something very wrong with that liquid.
You feel weakened.
You feel dopey.
You feel clumsy. You block the centaur's attack. The centaur kicks you.
* * * LOW HITPOINT WARNING * * *
The centaur hits you.
* * * LOW HITPOINT WARNING * * *
You block the centaur's attack. Harold hits you with a +0 mace!!
You die...

..#.#....#
.......#.##..#..
....#.##.# ..#..
....# ###.... ....#
........ ....##
#........
.#...##.........
.#.............c##
##..............@#
)...............@..#
........[.......#..#
#.......)......#
#... #.............#
...# #.....###.##.#
..## ....#)#.#.##.
.. ....##>....# .##
....#.......ยงยง


You could see Harold and a centaur.

Vanquished Creatures
  Menkaure (D:7)
  An ogre (D:7)
  A hound (D:6)
  An iguana (D:6)
  An orc wizard (D:7)
  2 adders (D:6)
  2 ufetubi (D:7)
  6 orcs
15 creatures vanquished.

Notes
Turn   | Place    | Note
-------+----------+-------------------------------------------
     0 | D:5      | willcat the Troll Delver began the quest for the Orb.
     0 | D:5      | Reached XP level 1. HP: 22/22 MP: 0/0
    67 | D:6      | Noticed a hound
    70 | D:6      | Killed a hound
    71 | D:6      | Reached XP level 2. HP: 27/29 MP: 1/1
    71 | D:6      | Reached XP level 3. HP: 34/36 MP: 2/2
   125 | D:6      | Reached skill level 1 in Shields
   152 | D:6      | Reached XP level 4. HP: 43/44 MP: 3/3
   220 | D:7      | Noticed Menkaure
   257 | D:7      | Killed Menkaure
   258 | D:7      | Reached XP level 5. HP: 19/53 MP: 4/4
   299 | D:7      | Noticed an ogre
   317 | D:7      | Killed an ogre
   318 | D:7      | Reached XP level 6. HP: 30/61 MP: 5/5
   359 | D:8      | Noticed Harold
   366 | D:8      | Noticed a wraith
   372 | D:7      | Mangled by Harold

Illustrated notes

Levels and vault maps discovered:
D:5:      layout_rooms, minmay_temple_entry_overgrown
D:6:      layout_basic, minitemple, grunt_ministairs_14
D:7:      layout_cave_pools, nzn_hepliaklqana_mist_gate, lemuel_old_faithful,
          uniq_crazy_yiuf_cottage, uniq_menkaure
D:8:      layout_cave_pools, enter_bailey_2, uniq_harold

Skill      XL: |  1  2  3  4  5  6 |
---------------+-------------------+-----
Dodging        | 2 3 |  3.0
Shields        | 1 2 |  2.2
Fighting       | 3 |  3.5
Unarmed Combat | 3 |  3.6
Stealth        | |  2.9

Action                   |  1- 3 |  4- 6 || total
-------------------------+-------+-------++-------
Melee: Unarmed           |    24 |    44 ||    68
  Use: Potion            |       |     3 ||     3
 Stab: Sleeping          |     1 |       ||     1
Armor: Robe              |     9 |    11 ||    20
Dodge: Dodged            |     6 |    24 ||    30
Block: Kite shield       |     2 |    22 ||    24

Table legend: (Time is in decaauts)
 A = Elapsed time spent in this place.
 B = Non-inter-level travel time spent in this place.
 C = Inter-level travel time spent in this place.
 D = Time resting spent in this place.
 E = Time spent auto-exploring this place.
 F = Levels seen in this place.
 G = Mean time per level.
                   A        B        C        D        E       F      G
               +--------+--------+--------+--------+--------+-----+--------+
         Total |    363 |    363 |      0 |      0 |      6 |   4 |   90.8 |
       Dungeon |    363 |    363 |      0 |      0 |      6 |   4 |   90.8 |
               +--------+--------+--------+--------+--------+-----+--------+

Top non-repeatable levels by time:
     D:6: 199 daAuts
     D:7: 144 daAuts
     D:8: 12 daAuts
     D:5: 8 daAuts
